 Dungeon Crawl Stone Soup version 0.27.0-1-g7a089689b8 (webtiles) character file.

Game seed: 8583247755796696309

7 SnakkuSnakku7 the Chopper (level 2, -1/16 HPs)
             Began as a Vine Stalker Berserker on Aug 11, 2021.
             Was a Follower of Trog.
             Killed from afar by a dart slug (2 damage)
             ... with a slug dart
             ... on level 2 of the Dungeon.
             The game lasted 00:00:21 (172 turns).

SnakkuSnakku7 the Chopper (Vine Stalker Berserker)   Turns: 172, Time: 00:00:21

Health: -1/16      AC:  2    Str: 19    XL:     2   Next: 4%
Magic:  0/3        EV: 12    Int:  7    God:    Trog [*.....]
Gold:   34         SH:  0    Dex: 13    Spells: 1/1 levels left

rFire    . . .     SeeInvis .   a - +0 hand axe
rCold    . . .     Faith    .   (no shield)
rNeg     . . .     Spirit   +   b - +0 animal skin
rPois    .         Reflect  .   (no helmet)
rElec    .         Harm     .   (no cloak)
rCorr    .         Rampage  .   (no gloves)
Will     .....                  (no boots)
Stlth    +.........             (no amulet)
HPRegen  0.05/turn              (no ring)
MPRegen  0.08/turn              (no ring)

@: on berserk cooldown, slowed, very slow
A: fangs 2, magic shield, antimagic bite, no potion heal 2
a: Renounce Religion, Berserk


You were on level 2 of the Dungeon.
You worshipped Trog.
Trog was aware of your devotion.
You visited 1 branch of the dungeon, and saw 2 of its levels.

You collected 34 gold pieces.

Inventory:

Hand Weapons
 a - a +0 hand axe (weapon)
Armour
 b - a +0 animal skin (worn)


   Skills:
 + Level 3.0 Fighting
 + Level 3.0 Axes
 - Level 1.5 Armour
 - Level 1.5 Dodging


You had one spell level left.
You didn't know any spells.
Your spell library was empty.

Dungeon Overview and Level Annotations

Branches:
Dungeon (1/15)

Altars:


Innate Abilities, Weirdness & Mutations

You have extremely sharp teeth.
When hurt, damage is shared between your health and your magic reserves.
Your bite disrupts and absorbs the magic of your enemies.
Potions cannot restore your health.


Message History

Your Axes skill increases to level 3!
You have reached level 2!
You feel a strong urge to attack something.
Calm down first, please.
Calm down first, please.
You feel your anger nearly subside.
You are no longer berserk.
You are exhausted.
You feel yourself slow down.
Things that are here:
a jackal corpse; a jackal corpse You fall into a shaft and drop 1 floor!
The shaft crumbles and collapses.
A dart slug comes into view.
Unknown command.
The dart slug launches a dart at you. The slug dart hits you.
* * * LOW HITPOINT WARNING * * *
The dart slug launches a dart at you. The slug dart misses you.
A kobold comes into view. It is wielding a +0 dagger.
The kobold shouts!
The dart slug launches a dart at you. The slug dart misses you.
The dart slug misses you.
You hit the dart slug.
The dart slug is heavily wounded.
The dart slug closely misses you.
You hit the dart slug.
The dart slug is severely wounded.
The dart slug closely misses you.
You hit the dart slug.
The dart slug is almost dead.
You barely miss the kobold. The kobold hits you with a +0 dagger.
* * * LOW HITPOINT WARNING * * *
The dart slug barely misses you. The kobold hits you with a +0 dagger.
* * * LOW HITPOINT WARNING * * *
You barely miss the kobold. You hit the dart slug but do no damage.
The dart slug launches a dart at you. The slug dart hits you.
You die...

#.# #.# #..
#.# #.# #.#
#.############
#.....@w......
#.####K#######
#.# #.# ..#
#.# .### #.#
#. #.# . #.#
## #.#


You could see a dart slug and a kobold.

Vanquished Creatures
  A hobgoblin (D:1)
  4 jackals (D:1)
  A frilled lizard (D:1)
6 creatures vanquished.

Notes
Turn   | Place    | Note
-------+----------+-------------------------------------------
     0 | D:1      | SnakkuSnakku7 the Vine Stalker Berserker began the quest
                  | for the Orb.
     0 | D:1      | Reached XP level 1. HP: 11/11 MP: 2/2
   140 | D:1      | Reached XP level 2. HP: 5/16 MP: 3/3
   163 | D:1      | You fall into a shaft and drop 1 floor!
   172 | D:2      | Killed from afar by a dart slug

Illustrated notes

Levels and vault maps discovered:
D:1:      dpeg_arrival_windows_large_door, layout_basic, serial_shops, shop,
          chequers_serial_rivers_micro_b
D:2:      layout_loops_ring, serial_shops, shop, kennysheep_donut

Skill      XL: |  1 |
---------------+----+-----
Fighting       | 3 |  3.0
Axes           | 3 |  3.0
Armour         | |  1.5
Dodging        | |  1.5

Action                   || total
-------------------------++-------
Melee: Hand axe          ||    25
       Bite              ||     5
Invok: Berserk           ||     1
Armor: Animal skin       ||     7
Dodge: Dodged            ||    20
